 Dungeon Crawl Stone Soup version 0.32-a0-711-g016ad74 (webtiles) character file.

Game seed: 6013704800297072747

1115 PidgeyThePirate the Skirmisher (level 8, 0/61 HPs)
             Began as a Coglin Hunter on Mar 15, 2024.
             Slain by a hornet (10 damage)
             ... on level 5 of the Dungeon.
             The game lasted 00:08:41 (3557 turns).

PidgeyThePirate the Skirmisher (Coglin Hunter)      Turns: 3557, Time: 00:08:42

Health: 0/61       AC:  5    Str: 14    XL:     8   Next: 34%
Magic:  8/8        EV: 11    Int:  9    God:
Gold:   227        SH:  0    Dex: 17    Spells: 7/7 levels left

rFire   . . .        a - +2 sling {Wilfried}
rCold   + . .        d - +0 sling {Ai}
rNeg    . . .        p - +1 leather armour {rC+}
rPois   .            (no helmet)
rElec   .            (no cloak)
rCorr   .            (no gloves)
SInv    .            u - +0 pair of boots
Will    .....        (amulet unavailable)
Stlth   ++           (ring unavailable)
HPRegen 0.30/turn    (ring unavailable)
MPRegen 0.11/turn    (no gizmo)

%: no passive effects
@: lethally poisoned (0 -> -4), slowed, revved, very slow
A: off-hand wielding, slow wielding, warmup strikes, no jewellery
a: Invent Gizmo


You were on level 5 of the Dungeon.
You visited 1 branch of the dungeon, and saw 5 of its levels.
You also visited: Sewer.

You collected 227 gold pieces.

Inventory:

Hand Weapons
 a - a +2 sling (weapon) {Wilfried}
 d - a +0 sling (offhand) {Ai}
Missiles
 s - 2 throwing nets
Armour
 c - a +0 leather armour
 p - a +1 leather armour of cold resistance (worn)
 u - a +0 pair of boots (worn)
Scrolls
 b - 2 scrolls of butterflies
 e - a scroll of noise {unknown}
 g - 2 scrolls of amnesia
 i - a scroll of enchant armour {unknown}
 j - 2 scrolls of teleportation
 k - 4 scrolls of identify
 l - a scroll of acquirement {unknown}
 o - a scroll of revelation {unknown}
 r - a scroll of poison {unknown}
 v - a scroll of brand weapon {unknown}
Potions
 f - 2 potions of might {unknown}
 h - 2 potions of curing {unknown}
 m - 4 potions of heal wounds {unknown}
 n - a potion of mutation {unknown}
 t - a potion of degeneration {unknown}


   Skills:
 + Level 4.4 Fighting
 + Level 8.4 Ranged Weapons
 + Level 1.7 Armour
 + Level 2.1 Dodging
 + Level 0.9 Stealth


You had 7 spell levels left.
You didn't know any spells.
Your spell library contained the following spells:

 Spells                   Type           Power      Damage    Failure   Level
 Frozen Ramparts          Ice            0%         1d1       83%         3
 Ozocubu's Armour         Ice            0%         N/A       83%         3
 Metabolic Englaciation   Hex/Ice        0%         N/A       100%        5


Dungeon Overview and Level Annotations

Branches:
Dungeon (5/15)              Sewer (visited)
 Temple: D:4-7

Altars:
Cheibriados
Dithmenos

Shops:
D:2 (

Annotations:
D:4 1 transporter
D:5 2 transporters


Innate Abilities, Weirdness & Mutations

You can wield a second weapon in your off-hand.
It takes a long time for you to wield or remove held weapons.
Your first few attacks do less damage.
You cannot equip rings or amulets.


Message History

The centaur shoots an arrow.
The arrow hits you!
The hornet moves out of view.
You shoot a sling bullet. The sling bullet hits the centaur!
You kill the centaur!
You shoot a sling bullet.
Unknown command.
You shoot a sling bullet. The hornet buzzes angrily.
The sling bullet hits the hornet.
The hornet is lightly wounded.
You shoot a sling bullet.
The sling bullet barely misses the hornet.
You shoot a sling bullet.
The sling bullet hits the hornet but does no damage.
The hornet is lightly wounded.
You shoot a sling bullet.
The sling bullet barely misses the hornet.
You shoot a sling bullet. The sling bullet misses the hornet.
You shoot a sling bullet. The sling bullet hits the hornet.
The hornet is lightly wounded.
Unknown command.
You shoot a sling bullet. The sling bullet hits the hornet.
The hornet is moderately wounded.
You shoot a sling bullet.
The sling bullet completely misses the hornet.
The hornet stings you.
You are poisoned.
You feel yourself slow down.
You shoot a sling bullet.
The sling bullet hits the hornet but does no damage.
The hornet is moderately wounded.
You shoot a sling bullet. The sling bullet hits the hornet.
The hornet is heavily wounded.
You feel very sick. The hornet closely misses you. The hornet stings you!
You feel as though you will be slow longer.
The hornet stings you!
* * * LOW HITPOINT WARNING * * *
You feel as though you will be slow longer.
Found a stone staircase leading down.
You feel sick. The hornet stings you!
You die...

.. ......#.. .)..#5≈
..... .........##...###
..... ##.#...........#~.
>....##.)#.....#.....#ßP
.(.......#.....#.....###
#........####..#........
...........##..........#
#.....y†.#.............
#.....@......#.##.....#
##............###..####
#...........## ##.#
##..........# ###
##.).<##.####
#...###....#
#........### #..##..#.#
##. ##.###


You could see a hornet.

Vanquished Creatures
  2 black bears
  An ogre (D:5)
  A centaur (D:5)
  A phantom (D:5)
  2 bullfrogs (Sewer)
  2 scorpions (D:4)
  A howler monkey (D:5)
  A hound (D:5)
  2 iguanas
  6 gnolls
  9 adders
  2 ufetubi (D:5)
  2 ribbon worms
  13 dart slugs
  2 orcs
  14 ball pythons
  10 bats
  24 endoplasms
  21 giant cockroaches
  8 goblins
  9 hobgoblins
  6 kobolds
  3 quokkas
  9 frilled lizards
  10 rats
161 creatures vanquished.

Notes
Turn   | Place    | Note
-------+----------+-------------------------------------------
     0 | D:1      | PidgeyThePirate the Coglin Hunter began the quest for the
                  | Orb.
     0 | D:1      | Reached XP level 1. HP: 16/16 MP: 1/1
    48 | D:1      | Reached XP level 2. HP: 22/22 MP: 2/2
    65 | D:1      | Reached skill level 4 in Ranged Weapons
   310 | D:1      | Reached XP level 3. HP: 27/27 MP: 3/3
   882 | D:2      | Found Baogeef's Weapon Shoppe.
  1141 | D:2      | Reached XP level 4. HP: 30/33 MP: 4/4
  1173 | D:2      | Identified the +1 buckler of Ilapadapp {rF+ rN+ rCorr
                  | Str-4}
  1249 | D:2      | Reached skill level 5 in Ranged Weapons
  1603 | D:3      | Found a faded altar of an unknown god.
  1954 | D:3      | Reached XP level 5. HP: 39/39 MP: 5/5
  1977 | D:3      | Found a glowing drain.
  1990 | Sewer    | Entered a sewer
  2313 | Sewer    | Reached skill level 6 in Ranged Weapons
  2313 | Sewer    | Reached XP level 6. HP: 46/46 MP: 6/6
  2597 | D:3      | Reached skill level 1 in Armour
  2815 | D:3      | Found a snail-covered altar of Cheibriados.
  3064 | D:4      | Reached XP level 7. HP: 36/52 MP: 7/7
  3184 | D:4      | Found a transporter.
  3292 | D:4      | Reached skill level 7 in Ranged Weapons
  3390 | D:4      | Found a shadowy altar of Dithmenos.
  3393 | D:4      | You fall into a shaft and drop 1 floor!
  3393 | D:5      | Entered Level 5 of the Dungeon
  3438 | D:5      | Found a transporter.
  3449 | D:5      | Reached XP level 8. HP: 60/60 MP: 8/8
  3485 | D:5      | Found a transporter.
  3541 | D:5      | Reached skill level 8 in Ranged Weapons
  3550 | D:5      | Noticed a hornet
  3557 | D:5      | Slain by a hornet

Illustrated notes

Levels and vault maps discovered:
D:1:      orjb1_lava_funnel, layout_basic, minmay_cupped
D:2:      layout_basic, serial_shops, nicolae_shop_back_alley_shop
D:3:      minmay_chambers_of_threes, layout_loops_ring,
          nicolae_overflow_hidden_temple, gup_sewer_entry_bubbles,
          nicolae_ecumenical_snake_handling, minmay_misc_feat_iff,
          minmay_misc_feat_hallway
D:4:      gammafunk_cloud_chamber, layout_cave_pools, kiku_gazebo_garden_becter,
          trog_ov_bears_minmay, lemuel_coloured_pillars_altar,
          nicolae_dithmenos_through_a_glass_darkly
D:5:      gammafunk_wand_slinger, layout_cave_pools, overflow_temple_1_default,
          minmay_temple_entry_trees

Skill      XL: |  1  2  3  4  5  6  7  8 |
---------------+-------------------------+-----
Ranged Weapons | 4 5 6 7 8 |  8.4
Dodging        | 2 |  2.1
Fighting       | 3 4 |  4.4
Armour         | 1 |  1.7
Stealth        | |  0.9

Action                     |  1- 3 |  4- 6 |  7- 9 || total
---------------------------+-------+-------+-------++-------
   Fire: Sling             |   170 |   414 |   212 ||   796
    Use: Scroll            |       |     2 |     1 ||     3
 Armour: Leather armour    |    13 |    55 |    25 ||    93
  Dodge: Dodged            |     7 |    53 |    14 ||    74

Table legend: (Time is in decaauts)
 A = Elapsed time spent in this place.
 B = Non-inter-level travel time spent in this place.
 C = Inter-level travel time spent in this place.
 D = Time resting spent in this place.
 E = Time spent auto-exploring this place.
 F = Levels seen in this place.
 G = Mean time per level.
                   A        B        C        D        E       F      G
               +--------+--------+--------+--------+--------+-----+--------+
         Total |   3719 |   3443 |    276 |      0 |   2461 |   6 |  619.8 |
       Dungeon |   3247 |   2971 |    276 |      0 |   2236 |   5 |  649.4 |
         Sewer |    472 |    472 |      0 |      0 |    225 |   1 |  472.0 |
               +--------+--------+--------+--------+--------+-----+--------+

Top non-repeatable levels by time:
     D:3: 1154 daAuts
     D:2: 823 daAuts
     D:1: 760 daAuts
   Sewer: 472 daAuts
     D:4: 341 daAuts
     D:5: 166 daAuts
